 Dungeon Crawl Stone Soup version 0.29.1 (webtiles) character file.

Game seed: 72163495273024043

353082 nickcage the Shatterer (level 21, -2/210 HPs)
             Began as a Minotaur Gladiator on Sept 8, 2022.
             Was the Champion of the Shining One.
             Killed from afar by Vv (22 damage)
             ... by creeping frost
             ... on level 1 of the Crypt on Sept 12, 2022.
             The game lasted 03:44:43 (60212 turns).

nickcage the Shatterer (Minotaur Gladiator)        Turns: 60212, Time: 03:44:44

Health: -2/210     AC: 40    Str: 35    XL:     21   Next: 32%
Magic:  28/28      EV: 30    Int:  5    God:    the Shining One [******]
Gold:   2846       SH: 18    Dex: 21    Spells: 20/20 levels left

rFire   . . .      SeeInvis .   v - +8 morningstar (vorpal)
rCold   + . .      Faith    .   y - +1 kite shield of Jinilot {Str+7 Dex+7}
rNeg    + + +      Spirit   .   c - +7 plate armour {rC+}
rPois   +          Reflect  .   D - +2 hat {Will+}
rElec   .          Harm     .   X - +1 cloak
rCorr   .          Rampage  +   A - +4 pair of gloves of Wuehi {rPois}
Will    ++...                   b - +2 pair of boots {rampage}
Stlth   ..........              i - amulet of the acrobat
HPRegen 0.45/turn               a - +4 ring of slaying
MPRegen 0.21/turn               T - +4 ring of evasion

@: acrobatic, hasted, glowing, studying 2 skills, very quick
A: horns 2, retaliatory headbutt
}: 2/15 runes: barnacled, gossamer
a: Renounce Religion, Divine Shield, Cleansing Flame, Summon Divine Warrior,
Brand Weapon With Holy Wrath


You were on level 1 of the Crypt.
You worshipped the Shining One.
The Shining One was exalted by your worship.
You visited 9 branches of the dungeon, and saw 38 of its levels.
You also visited: Gauntlet, Ice Cave and Volcano.

You collected 4489 gold pieces.
You spent 1643 gold pieces at shops.

Inventory:

Hand Weapons
 v - a +8 vorpal morningstar (weapon)
 E - a +2 morningstar of holy wrath
Missiles
 w - 27 poisoned darts
 N - 18 curare-tipped darts (quivered)
Armour
 b - a +2 pair of boots of rampaging (worn)
 c - a +7 plate armour of cold resistance (worn)
 y - the +1 kite shield of Jinilot (worn) {Str+7 Dex+7}
   (You acquired it on level 5 of the Lair of Beasts)

   Str:       It affects your strength (+7).
   Dex:       It affects your dexterity (+7).
 A - the +4 pair of gloves of Wuehi (worn) {rPois}
   (You bought it in a shop on level 1 of the Shoals)

   rPois:     It protects you from poison.
 D - a +2 hat of willpower (worn)
 X - a +1 cloak (worn)
Jewellery
 a - a +4 ring of slaying (left hand)
 e - a ring of protection from fire
 i - an amulet of the acrobat (around neck)
 k - a +6 ring of dexterity
 p - a ring of protection from cold
 t - a ring of protection from cold
 C - a +6 ring of dexterity
 H - a ring of fire
 L - a ring of protection from fire
 M - a ring of resist corrosion
 O - a ring of ice
 T - a +4 ring of evasion (right hand)
Wands
 q - a wand of light (32)
 r - a wand of roots (12)
 u - a wand of digging (11)
 B - a wand of mindburst (27)
 R - a wand of charming (10)
 U - a wand of flame (107)
Scrolls
 d - 4 scrolls of amnesia
 f - 8 scrolls of butterflies
 g - 3 scrolls of blinking
 l - 6 scrolls of magic mapping
 s - 5 scrolls of fear
 x - 13 scrolls of teleportation
 I - a scroll of brand weapon
 J - a scroll of silence
 S - 3 scrolls of poison
 W - 4 scrolls of enchant weapon
Potions
 h - 4 potions of resistance
 j - 5 potions of haste
 m - 8 potions of flight
 n - 8 potions of mutation
 o - 11 potions of curing
 z - 6 potions of might
 G - 2 potions of cancellation
 P - 10 potions of heal wounds
 Q - 15 potions of ambrosia
Miscellaneous
 F - a box of beasts (inert)
 K - a tin of tremorstones (2/2)
 Y - a phantom mirror (inert)


   Skills:
 + Level 22.8 Fighting
 + Level 25.6 Maces & Flails
 - Level 6.0 Throwing
 - Level 20.0 Armour
 - Level 3.2 Dodging
 + Level 21.1 Shields
 * Level 10.7 Invocations
 * Level 0.3 Evocations


You had 20 spell levels left.
You didn't know any spells.
Your spell library contained the following spells:

 Spells                   Type           Power      Damage    Failure   Level
 Sting                    Tmut/Pois      0%         1d3       94%         1
 Blink                    Tloc           0%         N/A       98%         2
 Ensorcelled Hibernation  Hex/Ice        0%         N/A       98%         2
 Passwall                 Tmut/Erth      0%         N/A       98%         2
 Searing Ray              Conj           0%         2d4       98%         2
 Confusing Touch          Hex            0%         N/A       100%        3
 Ignite Poison            Fire/Tmut/Pois 0%         N/A       100%        3
 Lesser Beckoning         Tloc           0%         N/A       100%        3
 Swiftness                Air            0%         N/A       100%        3
 Tukima's Dance           Hex            0%         N/A       100%        3
 Cause Fear               Hex            0%         N/A       100%        4
 Fulminant Prism          Conj/Hex       0%         3d6       100%        4
 Ice Form                 Ice/Tmut       0%         N/A       100%        4
 Iskenderun's Mystic Bla  Conj/Tloc      0%         2d3       100%        4
 Olgreb's Toxic Radiance  Pois           0%         N/A       100%        4
 Passage of Golubria      Tloc           0%         N/A       100%        4
 Alistair's Intoxication  Tmut/Pois      0%         N/A       100%        5
 Blade Hands              Tmut           0%         N/A       100%        5
 Borgnjor's Vile Clutch   Necr/Erth      0%         N/A       100%        5
 Fireball                 Conj/Fire      0%         3d3       100%        5
 Irradiate                Conj/Tmut      0%         3d11      100%        5
 Lee's Rapid Deconstruct  Erth           0%         3d5*      100%        5
 Manifold Assault         Tloc           0%         N/A       100%        5
 Summon Forest            Summ/Tloc      0%         N/A       100%        5
 Yara's Violent Unravell  Hex/Tmut       0%         3d3       100%        5
 Eringya's Noxious Bog    Tmut/Pois      0%         N/A       100%        6
 Starburst                Conj/Fire      0%         6d3       100%        6
 Statue Form              Tmut/Erth      0%         N/A       100%        6
 Dragon Form              Tmut           0%         N/A       100%        7
 Enfeeble                 Hex            0%         N/A       100%        7
 Ozocubu's Refrigeration  Ice            0%         4d7       100%        7
 Summon Hydra             Summ           0%         N/A       100%        7
 Ignition                 Fire           0%         3d3       100%        8
 Dragon's Call            Summ           0%         N/A       100%        9


Dungeon Overview and Level Annotations

Branches:
Dungeon (15/15)            Temple (1/1) D:7            Lair (5/5) D:9
 Shoals (4/4) Lair:2       Spider (4/4) Lair:3        Slime (0/5) Lair:5
    Orc (2/2) D:9             Elf (2/3) Orc:2        Vaults (4/5) D:14
  Crypt (1/3) Vaults:3     Depths (0/4) D:15          IceCv (visited)
Volcano (visited)         Gauntlet (visited)

Altars:
Ashenzari
Cheibriados
Dithmenos
Elyvilon
Fedhas
Gozag
Hepliaklqana
Kikubaaqudgha
Makhleb
Nemelex Xobeh
Okawaru
Qazlal
Ru
Sif Muna
Trog
Uskayaw
Vehumet
Wu Jian
Xom
Yredelemnul
Zin
The Shining One

Shops:
D:7 *   D:8 *   D:13 *   D:14 !   Orc:1 :   Orc:2 [=*(   Elf:2 (   Shoals:1 [

Portals:
Trove: D:15 (show abyssal rune of Zot)

Annotations:
Crypt:1 Vv


Innate Abilities, Weirdness & Mutations

You have a pair of horns on your head.
You reflexively headbutt those who attack you in melee.


Message History

You block the jiangshi's attack. x2; Vv hits you but does no damage.
Vv hits you!!
You are engulfed in flames!!!
You barely miss Vv. Your headbutt misses Vv.
Vv is severely damaged.
The jiangshi closely misses you. The jiangshi claws you.
You impale Vv!! You headbutt Vv, but do no damage.
Vv is severely damaged.
Vv misses you. Vv hits you but does no damage. The jiangshi claws you.
You block the jiangshi's attack.
The vampire mage mumbles some strange words.
The vampire mage flickers and vanishes for a moment.
You hit Vv. You headbutt Vv, but do no damage.
Vv is almost destroyed.
You block the jiangshi's attack. The jiangshi closely misses you.
You bludgeon Vv!! You headbutt Vv, but do no damage.
Vv is almost destroyed.
The ice encasing you melts away. Vv hits you! Vv freezes you!! You resist.
* * * LOW HITPOINT WARNING * * *
Vv hits you!
* * * LOW HITPOINT WARNING * * *
You are engulfed in flames!!
* * * LOW HITPOINT WARNING * * *
The vampire mage gestures wildly while chanting.
You block the jiangshi's attack. x2
You feel much better. You block the jiangshi's attack. x2
You puncture Vv!
Vv is almost destroyed.
You block Vv's attack. x2
The shadow slips into darkness.
The shadow flickers and vanishes for a moment.
The necrophage closely misses you. You furiously retaliate!
You headbutt the necrophage!! You block the flying skull's attack.
You block the flying skull's attack.
There is a dry fountain here.
You block the flying skull's attack.
Vv calls freezing cold from the walls.
The frost grips you!! You partially resist.
You die...

#######
###.....### .
#8..#⌠#.WZ## .
#..#####ZW8# ..
##.## ##VM## ..
#..# #8.V8#
..#+#.## ##9..##
....MV## ##.zn8#
.Z9Z'.8# #8.⌠@.#
.VV.'.## ##...8#
.W..#.## #...##
....#..# #8..8#
....##.## ##..##
######..#####..8#
#8..#⌠#...##
###.....###
#######


You could see Vv, a jiangshi, a vampire mage (invisible), a phantasmal warrior
(summoned), a necrophage (summoned), a shadow (summoned, invisible), a flying
skull (summoned), a mummy (summoned), a harpy simulacrum (summoned) and an iron
dragon skeleton (summoned).

Vanquished Creatures
  Saint Roka (Orc:2)
  Margery (Vaults:4)
  Xtahua (Vaults:4)
  Jory (Vaults:4)
  Rupert (D:13)
  A lich (Vaults:3)
  A deep elf blademaster (Elf:2)
  Polyphemus (Shoals:2)
  5 sphinxes
  Frances (Shoals:2)
  Agnes (D:15)
  Kirke (D:12)
  3 krakens
  A tengu reaver (Vaults:4)
  Roxanne (Spider:4)
  Donald (Spider:3)
  9 vault wardens
  The ghost of Jieklis the Scorcher, an adept FoFE of Gozag (Spider:4)
  A frost giant (Vaults:4)
  Aizul (Shoals:2)
  Louise (Shoals:2)
  6 emperor scorpions
  6 ghost moths
  3 orc warlords
  2 broodmothers
  A deep elf elementalist (Elf:1)
  11 ironbound thunderhulks
  9 ironbound preservers
  A reaper (IceCv)
  2 war gargoyles (Vaults:3)
  9 very ugly things
  A deep elf demonologist (Elf:2)
  5 entropy weavers
  11 dire elephants (Vaults:3)
  Nessos (Lair:3)
  A red draconian (Volcano)
  3 deep elf annihilators
  4 spark wasps
  2 deep elf death magi
  2 minotaurs
  2 ettins
  A jiangshi (Crypt:1)
  7 merfolk impalers
  A merfolk javelineer (Shoals:3)
  3 great orbs of eyes (Vaults:4)
  2 deep elf high priests
  Harold (D:11)
  7 yaktaur captains
  10 boulder beetles
  Erolcha (D:13)
  8 hydras
  2 peacekeepers
  2 catoblepae
  12 vault guards
  6 ironbound frosthearts
  4 merfolk avatars
  4 jorogumos
  4 radroaches
  7 centaur warriors
  5 merfolk aquamancers
  6 two-headed ogres
  2 alligator snapping turtles (Shoals:1)
  Erica (D:8)
  9 satyrs (Shoals:4)
  12 death yaks
  21 dancing weapons
  2 tengu warriors (D:14)
  Urug (D:12)
  2 orc high priests (Orc:2)
  3 hell knights (Vaults:4)
  A soul eater (Gauntlet)
  Sonja (D:13)
  Amaemon (Lair:3)
  17 deep elf knights
  2 fire crabs (Shoals:2)
  A salamander mystic (Volcano)
  3 steelbarb worms
  22 deep trolls
  Lodul (D:14)
  4 sea snakes
  3 pharaoh ants
  2 sun moths
  An obsidian statue (D:9)
  8 deep elf archers
  6 orb spiders
  8 wizards
  11 harpies
  15 ironbound convokers
  5 necromancers
  9 lindwurms
  A harpy (shapeshifter) (D:15)
  21 deep elf zephyrmancers
  33 ugly things
  29 deep elf pyromancers
  A mana viper (shapeshifter) (D:13)
  4 oklob plants
  7 orc knights
  17 manticores
  27 wolf spiders
  A fire giant zombie (Vaults:1)
  18 fauns
  12 orc sorcerers
  A human zombie (Vaults:1)
  6 salamanders (Volcano)
  A salamander (shapeshifter) (Elf:1)
  9 cyclopes
  Maurice (D:9)
  A moth of wrath (Spider:4)
  9 merfolk sirens
  A centaur zombie (D:15)
  6 water nymphs
  14 vault sentinels
  20 elephants
  A black mamba (shapeshifter) (D:11)
  A guardian serpent (shapeshifter) (D:13)
  10 black mambas
  A guardian serpent (Lair:5)
  13 cane toads
  2 ice statues (IceCv)
  An orange demon (Lair:3)
  3 torpor snails
  A rime drake (Lair:4)
  6 demonic crawlers
  2 minotaur zombies (Gauntlet)
  7 komodo dragons
  2 efreet (D:14)
  16 yaktaurs
  2 gargoyles (D:12)
  A komodo dragon (shapeshifter) (Elf:1)
  A kobold demonologist (D:10)
  3 tengu conjurers
  4 ice devils (IceCv)
  A polar bear (Lair:5)
  45 merfolk
  12 meliai
  9 wind drakes
  12 tarantellas
  32 slime creatures
  A wolf spider simulacrum (D:15)
  10 hornets
  4 snapping turtles
  10 blink frogs
  2 shadows
  10 water elementals
  29 jumping spiders
  A centaur simulacrum (D:15)
  A dire elephant simulacrum (IceCv)
  3 hogs (D:12)
  2 air elementals (Elf:1)
  16 wyverns
  71 yaks
  24 culicivoras
  2 vampires
  2 wraiths
  2 fire bats (Shoals:2)
  3 fire elementals
  54 redbacks
  Grum (D:11)
  9 basilisks
  5 vampire mosquitoes
  3 steam dragons
  3 wargs (Orc:2)
  2 death yak simulacra (IceCv)
  6 acid dragons
  A harpy simulacrum (IceCv)
  20 water moccasins
  A hydra simulacrum (IceCv)
  3 ice beasts
  36 orc warriors
  A sky beast (D:7)
  14 ogres
  11 boggarts
  A black bear (D:6)
  8 wolves
  4 centaurs
  3 phantoms
  3 kobold brigands
  An earth elemental (Elf:1)
  3 gnoll sergeants
  5 scorpions
  11 bullfrogs
  A two-headed ogre simulacrum (IceCv)
  5 wights (D:7)
  2 cane toad simulacra (IceCv)
  A human simulacrum (Vaults:1)
  8 killer bees
  2 elephant simulacra (IceCv)
  3 electric eels
  3 howler monkeys
  A crimson imp (D:5)
  A lava snake (Lair:5)
  2 jellies
  2 gnoll boudas
  5 hounds
  15 orc priests
  5 iguanas
  16 orc wizards
  3 spriggan simulacra (IceCv)
  6 hell rats (Lair:4)
  A troll simulacrum (IceCv)
  A wolf simulacrum (IceCv)
  17 gnolls
  5 adders
  A naga simulacrum (IceCv)
  4 shadow imps
  14 white imps
  4 ufetubi (IceCv)
  3 worms (D:2)
  2 dart slugs
  61 orcs
  5 bats
  7 endoplasms
  A giant cockroach (D:3)
  6 goblins
  2 hobgoblins
  6 jackals
  22 kobolds
  6 quokkas
  7 ball pythons
  5 frilled lizards
  4 rats (D:1)
  A tentacle (Shoals:2)
1480 creatures vanquished.

Vanquished Creatures (collateral kills)
  A kraken (Shoals:3)
  A vault warden (Vaults:1)
  3 vault guards (Vaults:1)
  An orc knight (Vaults:1)
6 creatures vanquished.

Vanquished Creatures (others)
  2 deep elf zephyrmancers (Elf:1)
  2 ugly things (D:14)
  A yak (Lair:5)
  58 fungi
  137 plants
  23 tentacles
223 creatures vanquished.

Grand Total: 1709 creatures vanquished

Notes
Turn   | Place    | Note
-------+----------+-------------------------------------------
     0 | D:1      | nickcage the Minotaur Gladiator began the quest for the
                  | Orb.
     0 | D:1      | Reached XP level 1. HP: 18/18 MP: 0/0
    25 | D:1      | Reached skill level 4 in Maces & Flails
    34 | D:1      | Reached XP level 2. HP: 16/25 MP: 1/1
   412 | D:1      | Reached skill level 5 in Maces & Flails
   674 | D:2      | Reached XP level 3. HP: 30/30 MP: 2/2
   813 | D:2      | Found a faded altar of an unknown god.
  1337 | D:2      | Reached skill level 6 in Maces & Flails
  1337 | D:2      | Reached XP level 4. HP: 25/37 MP: 3/3
  1956 | D:3      | Noticed a scorpion
  1960 | D:3      | Killed a scorpion
  1961 | D:3      | Reached skill level 7 in Maces & Flails
  1961 | D:3      | Reached XP level 5. HP: 36/42 MP: 4/4
  2194 | D:3      | Identified the +6 whip of the Hummingbird {drain, rC+++
                  | Dex+4}
  2555 | D:4      | Noticed a phantom
  2565 | D:4      | Killed a phantom
  2566 | D:4      | Reached skill level 8 in Maces & Flails
  2566 | D:4      | Reached XP level 6. HP: 44/50 MP: 5/5
  2770 | D:4      | Reached skill level 9 in Maces & Flails
  3367 | D:5      | Entered Level 5 of the Dungeon
  3375 | D:4      | Reached XP level 7. HP: 24/56 MP: 6/6
  3567 | D:5      | Found a transporter.
  3706 | D:5      | Reached skill level 10 in Maces & Flails
  3979 | D:5      | Found a transporter.
  4044 | D:5      | Reached skill level 11 in Maces & Flails
  4331 | D:5      | Reached XP level 8. HP: 40/62 MP: 1/7
  4775 | D:6      | Reached skill level 12 in Maces & Flails
  4915 | D:6      | Reached skill level 13 in Maces & Flails
  5357 | D:7      | Reached skill level 14 in Maces & Flails
  5450 | D:7      | Reached XP level 9. HP: 68/68 MP: 8/8
  5497 | D:7      | Found a hide-covered altar of Uskayaw.
  5581 | D:7      | Found Gozag's Platinum Reserve.
  5582 | D:7      | Found an opulent altar of Gozag.
  5633 | D:7      | Found a staircase to the Ecumenical Temple.
  5642 | Temple   | Entered the Ecumenical Temple
  5724 | Temple   | Became a worshipper of the Shining One
  5855 | D:7      | Reached skill level 1 in Shields
  6085 | D:7      | Noticed a purple ugly thing
  6101 | D:7      | Reached skill level 15 in Maces & Flails
  6107 | D:7      | Killed a purple ugly thing
  6331 | D:7      | Found a glowing silver altar of Zin.
  6415 | D:7      | Reached skill level 16 in Maces & Flails
  6440 | D:7      | Reached * piety under the Shining One
  6810 | D:8      | Found a stormy altar of Qazlal.
  6880 | D:8      | Noticed Erica
  6895 | D:8      | Killed Erica
  6896 | D:8      | Reached skill level 17 in Maces & Flails
  6896 | D:8      | Reached XP level 10. HP: 9/74 MP: 9/9
  8158 | D:8      | Found Caejuimm's Mayhem Merchandise.
  8211 | D:9      | Noticed a two-headed ogre
  8220 | D:9      | Killed a two-headed ogre
  8377 | D:9      | Reached skill level 18 in Maces & Flails
  8545 | D:9      | Noticed Maurice
  8560 | D:9      | Killed Maurice
  8565 | D:9      | Reached skill level 5 in Shields
  8691 | D:9      | Found a staircase to the Orcish Mines.
  8796 | D:9      | Noticed an obsidian statue
  8802 | D:9      | Found the +1 robe of Vines {NoPotionHeal Regen++++}
  9358 | D:9      | Found a staircase to the Lair.
  9598 | D:10     | Entered Level 10 of the Dungeon
  9670 | D:10     | Reached XP level 11. HP: 50/80 MP: 10/10
  9678 | D:10     | Reached skill level 19 in Maces & Flails
 10005 | D:10     | Reached ** piety under the Shining One
 10321 | D:10     | Found a sparkling altar of Nemelex Xobeh.
 10436 | D:10     | Found a snail-covered altar of Cheibriados.
 10863 | D:10     | Found a white marble altar of Elyvilon.
 10908 | D:10     | Noticed a boulder beetle
 10923 | D:10     | Killed a boulder beetle
 11192 | D:11     | Noticed a red ugly thing
 11200 | D:11     | Killed a red ugly thing
 11492 | Lair:1   | Entered Level 1 of the Lair of Beasts
 11492 | Lair:1   | Noticed an oklob plant
 11493 | Lair:1   | Noticed a five-headed hydra
 11502 | Lair:1   | Killed a five-headed hydra
 12059 | Lair:1   | Reached skill level 20 in Maces & Flails
 12127 | Lair:1   | Noticed a boulder beetle
 12138 | Lair:1   | Killed a boulder beetle
 12252 | Lair:1   | Reached skill level 10 in Shields
 12522 | Lair:1   | Reached XP level 12. HP: 74/88 MP: 11/11
 12899 | Lair:1   | You fall into a shaft and drop 1 floor!
 12906 | Lair:2   | Noticed an eight-headed hydra
 12916 | Lair:2   | Killed an eight-headed hydra
 13395 | Lair:2   | Reached skill level 1 in Armour
 13843 | Lair:2   | Noticed a four-headed hydra
 13850 | Lair:2   | Killed a four-headed hydra
 14170 | Lair:2   | Found a staircase to the Shoals.
 15109 | Lair:3   | Noticed a six-headed hydra
 15119 | Lair:3   | Killed a six-headed hydra
 15457 | Lair:3   | Reached skill level 5 in Fighting
 15462 | Lair:3   | Reached skill level 5 in Armour
 15568 | Lair:3   | Noticed Amaemon
 15586 | Lair:3   | Killed Amaemon
 15702 | Lair:3   | Noticed Nessos
 15715 | Lair:3   | Reached *** piety under the Shining One
 15750 | Lair:3   | The Shining One protects you from harm!
 16324 | Lair:3   | Found a hole to the Spider Nest.
 16382 | Lair:3   | Found a broken altar of Ashenzari.
 16474 | Lair:3   | Reached XP level 13. HP: 73/104 MP: 12/12
 16856 | Lair:3   | Killed Nessos
 17743 | Lair:4   | Reached **** piety under the Shining One
 17959 | Lair:4   | Reached skill level 1 in Invocations
 18382 | Lair:5   | Entered Level 5 of the Lair of Beasts
 18518 | Lair:5   | HP: 5/108 [elephant (8)]
 18525 | Lair:5   | Found a staircase to the Slime Pits.
 18538 | Lair:5   | HP: 5/108 [poisoned by a black mamba]
 18941 | Lair:5   | Identified a scroll of acquirement
 18941 | Lair:5   | Acquired the +1 kite shield of Jinilot {Str+7 Dex+7}
 19946 | Lair:5   | Reached skill level 10 in Armour
 20295 | Lair:5   | Reached XP level 14. HP: 111/119 MP: 14/14
 20424 | Lair:5   | Reached skill level 10 in Fighting
 21100 | Lair:5   | Paralysed by a hornet for 3 turns
 21870 | D:11     | Reached skill level 15 in Shields
 21912 | D:11     | Noticed Grum
 21912 | D:11     | Reached ***** piety under the Shining One
 22130 | D:11     | Killed Grum
 22396 | D:11     | Noticed Harold
 22405 | D:11     | Killed Harold
 23031 | D:12     | Found a frozen archway.
 23061 | IceCv    | Entered an ice cave
 23573 | IceCv    | Reached ****** piety under the Shining One
 23626 | IceCv    | Identified the ring "Zoisag" {Ice Str+3 Dex+2 Stlth+}
 23626 | IceCv    | Noticed a reaper
 23641 | IceCv    | Killed a reaper
 24144 | D:12     | Noticed Urug
 24153 | D:12     | Killed Urug
 24861 | D:12     | Noticed Kirke
 24953 | D:12     | Killed Kirke
 25568 | D:13     | Found a runed translucent door.
 25609 | D:13     | Noticed Sonja
 25615 | D:13     | Killed Sonja
 25661 | D:13     | Found Zugeol's Assorted Antiques.
 25918 | D:13     | Bought a scroll of acquirement for 1144 gold pieces
 25918 | D:13     | Acquired a +3 vorpal morningstar
 25941 | D:13     | Noticed Erolcha
 25959 | D:13     | Killed Erolcha
 25977 | D:13     | Noticed Rupert
 25986 | D:13     | Killed Rupert
 26151 | D:13     | Found a runed translucent door.
 26172 | D:13     | Reached XP level 15. HP: 111/134 MP: 15/15
 28063 | D:14     | Reached skill level 15 in Armour
 28065 | D:14     | Noticed Lodul
 28068 | D:14     | Killed Lodul
 28438 | D:14     | Found a gate to the Vaults.
 28951 | D:14     | Found Wiuliof's Distillery.
 29066 | Orc:1    | Entered Level 1 of the Orcish Mines
 29119 | Orc:2    | Entered Level 2 of the Orcish Mines
 29152 | Orc:2    | Found Yhollab's Antique Weapon Emporium.
 29184 | Orc:2    | Reached skill level 15 in Fighting
 29190 | Orc:2    | Noticed an orc warlord
 29199 | Orc:2    | Killed an orc warlord
 29308 | Orc:1    | Found Ragaon's Vocational Training.
 29322 | Orc:1    | Noticed an orc warlord
 29372 | Orc:1    | Found a dark tunnel.
 29378 | Volcano  | Entered a volcano
 29546 | Volcano  | Found a burning altar of Makhleb.
 29618 | Volcano  | Reached skill level 21 in Maces & Flails
 29831 | Orc:1    | Killed an orc warlord
 30147 | Orc:2    | Found Zasos's General Store.
 30149 | Orc:2    | Reached XP level 16. HP: 149/149 MP: 18/18
 30195 | Orc:2    | Found Fadaluec's Jewellery Emporium.
 30197 | Orc:2    | Found a staircase to the Elven Halls.
 30252 | Orc:2    | Paralysed by an orc sorcerer for 2 turns
 30261 | Orc:2    | Found Allofez's Antique Armour Emporium.
 30439 | Orc:2    | Noticed Saint Roka
 30477 | Orc:2    | Killed Saint Roka
 31623 | D:15     | Entered Level 15 of the Dungeon
 31635 | D:15     | Reached skill level 5 in Invocations
 31742 | D:15     | Found a portal to a secret trove of treasure.
 31791 | D:15     | Found a gate leading to a gauntlet.
 31799 | Gauntlet | Entered a Gauntlet
 31799 | Gauntlet | Found a transporter.
 31799 | Gauntlet | Found a runed translucent door.
 31799 | Gauntlet | Found a runed translucent door.
 31916 | Gauntlet | Found a transporter.
 31918 | Gauntlet | Found a transporter.
 31933 | Gauntlet | Found a transporter.
 31935 | Gauntlet | Found a transporter.
 31953 | Gauntlet | Found a transporter.
 31966 | Gauntlet | Found a transporter.
 31974 | Gauntlet | Found a runed translucent door.
 31976 | Gauntlet | Found a transporter.
 31978 | Gauntlet | Found a runed translucent door.
 31986 | Gauntlet | Found a transporter.
 32001 | Gauntlet | Found a transporter.
 32014 | Gauntlet | Found a transporter.
 32014 | Gauntlet | Found a transporter.
 32095 | Gauntlet | Found a transporter.
 32156 | Gauntlet | Identified the amulet "Kunel" {RegenMP rC+ Str+5 Int+2
                  | Dex-3}
 32643 | D:15     | Found a staircase to the Depths.
 32819 | D:15     | Noticed Agnes
 32829 | D:15     | Killed Agnes
 33190 | Shoals:1 | Entered Level 1 of the Shoals
 33847 | Shoals:1 | Found Zuocsige's Armour Boutique.
 33862 | Shoals:1 | Bought the +4 pair of gloves of Wuehi {rPois} for 499 gold
                  | pieces
 34688 | Shoals:2 | Noticed Louise
 34689 | Shoals:2 | Noticed Polyphemus
 35199 | Shoals:2 | Noticed Frances
 35212 | Shoals:2 | Killed Frances
 35228 | Shoals:2 | Killed Polyphemus
 35679 | Shoals:2 | Got the Codex of Damaging Intoxication
 35717 | Shoals:2 | Reached skill level 22 in Maces & Flails
 35785 | Shoals:2 | Killed Louise
 35798 | Shoals:2 | You fall into a shaft and drop 1 floor!
 35825 | Shoals:3 | Reached XP level 17. HP: 154/161 MP: 21/21
 36091 | Shoals:2 | Noticed a kraken
 36113 | Shoals:2 | Killed a kraken
 36345 | Shoals:2 | Noticed Aizul
 36361 | Shoals:2 | Killed Aizul
 37770 | Shoals:4 | Entered Level 4 of the Shoals
 38183 | Shoals:3 | Noticed a kraken
 38183 | Shoals:3 | Found a runed translucent door.
 38184 | Shoals:3 | Noticed a kraken
 38738 | Shoals:3 | Noticed a kraken
 38842 | Shoals:3 | Identified the +1 mace "Idaur" {flame, rElec}
 39054 | Shoals:3 | Killed a kraken
 39855 | Shoals:4 | Paralysed by a sphinx for 3 turns
 39994 | Shoals:4 | Identified the ring "Diekiy" {Fly Str-4 Dex+5}
 40322 | Shoals:4 | Got a barnacled rune of Zot
 40542 | Spider:1 | Entered Level 1 of the Spider Nest
 41046 | Lair:3   | Reached skill level 23 in Maces & Flails
 41082 | Spider:1 | Reached XP level 18. HP: 172/173 MP: 23/23
 41879 | Spider:2 | Identified the +1 morningstar "Nihue" {protect, Str+2}
 43156 | Spider:3 | Noticed Donald
 43169 | Spider:3 | Killed Donald
 43707 | Spider:4 | Entered Level 4 of the Spider Nest
 44416 | Spider:4 | Reached skill level 10 in Invocations
 44418 | Spider:4 | Found a runed translucent door.
 44423 | Spider:4 | Noticed Jieklis's ghost (adept FoFE)
 44430 | Spider:4 | Killed Jieklis's ghost
 44771 | Spider:4 | Identified Roxanne's Anthology of Permutations
 44771 | Spider:4 | Noticed Roxanne
 45178 | Spider:4 | Killed Roxanne
 46318 | Spider:4 | Got a gossamer rune of Zot
 46691 | Elf:1    | Entered Level 1 of the Elven Halls
 47352 | Shoals:3 | Reached XP level 19. HP: 66/185 MP: 25/25
 49243 | Elf:1    | Paralysed by an air elemental for 1 turns
 49266 | Elf:1    | Reached skill level 24 in Maces & Flails
 49710 | Elf:2    | Identified the amulet "Darru" {Spirit Will+ Dex+4}
 50126 | Elf:2    | Identified the +1 robe of Anaesthesia {Harm rElec Int+7}
 50287 | Elf:2    | Found Toiwetiu's Weapon Shop.
 50654 | Elf:2    | Found a runed translucent gate.
 50655 | Elf:2    | Found a runed translucent gate.
 50655 | Elf:2    | Found a runed translucent gate.
 51433 | Elf:2    | Upgraded the game from 0.29.0-13-gc9e81de378 to 0.29.1
 51715 | Vaults:1 | Entered Level 1 of the Vaults
 52199 | Vaults:1 | Reached XP level 20. HP: 79/198 MP: 21/26
 54167 | Vaults:2 | Identified the +10 spear of the Two Names {holy, Int+3}
 55793 | Vaults:3 | Found a staircase to the Crypt.
 56005 | Vaults:3 | Reached skill level 25 in Maces & Flails
 57797 | Vaults:4 | Noticed Jory
 57813 | Vaults:4 | Killed Jory
 58084 | Vaults:4 | Reached XP level 21. HP: 170/209 MP: 27/27
 58792 | Vaults:4 | Identified the +7 rapier "Jasoidwa" {drain, Will+ Dex+4}
 58814 | Vaults:4 | Noticed Margery
 58827 | Vaults:4 | Killed Margery
 58830 | Vaults:4 | Reached skill level 5 in Throwing
 59382 | Vaults:4 | Noticed Xtahua
 59398 | Vaults:4 | Killed Xtahua
 59948 | Crypt:1  | Entered Level 1 of the Crypt
 59986 | Crypt:1  | Noticed Vv
 60207 | Crypt:1  | HP: 5/210 [Vv (31)]
 60212 | Crypt:1  | Killed from afar by Vv

Illustrated notes

Levels and vault maps discovered:
D:1:      eino_arrival_tree_alley, layout_rooms
D:2:      layout_loops_corners, ebering_ecumenical_altar_abandoned
D:3:      layout_rooms, serial_corexii_hall, corexii_hall_statues_s,
          chequers_hall_statues_wall_a
D:4:      layout_basic, dreamdust_princess_bridge
D:5:      gammafunk_steamed_eel, layout_rooms, kennysheep_cluttered_room,
          minmay_fire_ice_demons
D:6:      layout_rooms, kennysheep_small_circle
D:7:      statuecave_lemuel, layout_rooms, nicolae_gozag_zags_fifth_avenue,
          mainiacjoe_overflow_swirl, lemuel_temple_firewalk_b,
          minmay_chambers_of_fives
D:8:      layout_loops_corners, nicolae_qazlal_general_emergency,
          minmay_shop_mayhem, blue_anna_alchemist, uniq_erica
D:9:      layout_loops_cross, orc_0_dummy, minmay_protected_statue, uniq_maurice
D:10:     layout_loops_ring, mainiacjoe_overflow_alcove_1,
          gammafunk_temple_overflow_pools, nzn_sisyphean_effort
D:11:     layout_loops_cross, minmay_unpleasant_kobolds, uniq_harold, uniq_grum
D:12:     layout_stronghold, portal_ice_cave_entry_imps, uniq_urug, uniq_kirke
D:13:     cheibrodos_histonic, layout_loops_ring, serial_shops, shop_fountains,
          uniq_erolcha, uniq_rupert, uniq_sonja
D:14:     layout_irregular_city, erik_vaults_2, serial_shops,
          nicolae_lakefront_shop, uniq_lodul
D:15:     grunt_enter_depths_magical_seal, layout_gridville, enter_trove_3,
          columned_hall_lemuel, gauntlet_entry_generic, uniq_agnes
Temple:   nicolae_temple_superstar
Lair:1:   layout_hall_layers, chequers_serial_rivers_marsh, st_stairs_3,
          dpeg_stationary_puzzle, grunt_megastairs_5
Lair:2:   layout_cave_pods, elwin_shoals_entry_rocks
Lair:3:   layout_loops_ring, hellmonk_spider_entry_life_and_decay, basic_altar,
          chequers_serial_rivers_micro_c, kennysheep_basilisk_garden,
          uniq_amaemon, uniq_nessos
Lair:4:   layout_cave_shapes, infiniplex_staircase_pool_2, grunt_megastairs_4,
          lemuel_fruit_tree
Lair:5:   hangedman_lair_tendril_chambers, layout_gridlike, slime_entry_1
Shoals:1: layout_shoals, serial_shops, shop,
          nicolae_shoals_lost_giant_amphitheater
Shoals:2: layout_shoals, hangedman_shoal_volcano, uniq_frances, uniq_louise,
          uniq_aizul, uniq_polyphemus
Shoals:3: nicolae_shoals_lighthouse, layout_shoals,
          nicolae_shoals_this_corrosion
Shoals:4: shoals_end_hellmonk_lost_city
Spider:1: layout_spider_delve, drop_trap
Spider:2: layout_spider_delve, drop_trap
Spider:3: layout_spider_delve, nicolae_spider_jagged_tunnels, uniq_donald
Spider:4: spider_rune_water, ebering_ghost_reflecting_pool,
          nicolae_spider_bug_shape, uniq_roxanne
Orc:1:    cheibrodos_orc_arena, layout_diamond_mine,
          nicolae_volcano_entry_s_turn, nicolae_shop_vocational
Orc:2:    grunt_orc_gardens, layout_diamond_mine, grunt_orc_garden,
          grunt_orc_garden, grunt_orc_garden, grunt_orc_garden, uniq_saint_roka
Elf:1:    nicolae_elf_arrival_fired_up, layout_geoelf_octagon,
          kennysheep_underground_church, nicolae_elf_blasts_and_bolts
Elf:2:    nicolae_elf_blades_crystal_corner, layout_loops_corners, serial_shops,
          nicolae_shop_bloodbath_and_beyond, eino_tiny_chamber, corner_web_ring
Vaults:1: hangedman_vaults_capsules, nicolae_vaults_little_squares_3, v_misc_4,
          hangedman_vaults_snaps, vaults_dpeg_diagonal,
          ontoclasm_vaults_ring_small, hangedman_vaults_corner,
          nicolae_vaults_alarming, v_pattern_5, ontoclasm_vaults_pinch,
          v_misc_23, nicolae_vaults_rhombus_5, layout_vaults_omnicross
Vaults:2: ontoclasm_vaults_fault, nicolae_vaults_rhombus_7,
          grunt_vaults_bifocal, vaults_standard_mumra_x, v_misc_1,
          vaults_room_hallway, vaults_room_semicircle, layout_vaults_omnigrid
Vaults:3: nicolae_vaults_windows_and_doors_thing, ontoclasm_vaults_ring_large,
          v_misc_24, minmay_crypt_entry_nasty_monster,
          nicolae_vaults_network_star, dpeg_vaults_monster_box,
          nicolae_vaults_rhombus_5, nicolae_vaults_border_crossing,
          ontoclasm_vaults_twist, layout_vaults_chaotic_city
Vaults:4: nicolae_vaults_sealed_display, v_misc_19, grunt_vaults_diagonal,
          nicolae_vaults_minivaults, v_misc_17, nicolae_vaults_ninety_degrees,
          v_rooms_1, v_pattern_3, nicolae_vaults_theta,
          nicolae_vaults_twisting_passages, nicolae_vaults_theta,
          layout_vaults_maze_bifur, uniq_jory, uniq_margery, uniq_xtahua
Crypt:1:  layout_regular_city, grunt_crypt_arrival_split, uniq_vv

Skill      XL: |  1  2  3  4  5  6  7  8  9 10 11 12 13 14 15 16 17 18 19 20 21 |
---------------+----------------------------------------------------------------+-----
Maces & Flails | 4 5 6 7 8 9 11 14 17 18 20 21 22 23 24 25 | 25.6
Shields        | 3 6 10 13 14 16 17 19 20 21 | 21.1
Armour         | 6 10 13 15 16 18 19 20 | 20.0
Fighting       | 6 9 12 15 17 18 20 21 22 | 22.8
Invocations    | 2 4 7 9 10 | 10.7
Throwing       | 4 6 |  6.0
Dodging        | |  3.2
Evocations     | |  0.3

Action                   |  1- 3 |  4- 6 |  7- 9 | 10-12 | 13-15 | 16-18 | 19-21 || total
-------------------------+-------+-------+-------+-------+-------+-------+-------++-------
Melee: Flail             |    84 |    22 |    87 |   487 |   701 |       |       ||  1381
       Headbutt          |    15 |     9 |    55 |   169 |   345 |   423 |   392 ||  1408
       Punch             |     1 |       |     4 |       |     4 |       |       ||     9
       Whip              |       |    47 |   146 |       |       |       |       ||   193
       Morningstar       |       |       |       |       |   370 |  1403 |  1066 ||  2839
Throw: Javelin           |     1 |     4 |       |       |       |       |       ||     5
       Boomerang         |       |       |    23 |       |       |       |       ||    23
       Dart              |       |       |       |    40 |    28 |    26 |    11 ||   105
       Throwing net      |       |       |       |     2 |       |       |       ||     2
Invok: Divine Shield     |       |       |       |       |     5 |       |     2 ||     7
       Summon Divine War |       |       |       |       |       |       |     1 ||     1
Evoke: Wand              |       |       |       |       |     4 |     2 |       ||     6
       Phantom mirror    |       |       |       |       |       |     1 |     1 ||     2
       Box of beasts     |       |       |       |       |       |       |     1 ||     1
  Use: Potion            |       |       |       |     3 |     6 |     7 |     3 ||    19
       Scroll            |       |       |       |     1 |    28 |    16 |     9 ||    54
 Stab: Sleeping          |       |     1 |       |       |       |       |       ||     1
Armor: Leather armour    |    16 |       |       |       |       |       |       ||    16
       Chain mail        |       |    20 |    44 |    98 |   160 |       |       ||   322
       Plate armour      |       |       |       |       |   130 |   721 |   364 ||  1215
Dodge: Dodged            |    55 |    33 |    70 |   114 |   294 |   622 |   326 ||  1514
Block: Kite shield       |       |       |    54 |   233 |   517 |  1052 |   695 ||  2551
